 Dungeon Sprint DCSS version 0.19.5 (webtiles) character file.

5225 dwjmeijer the Imperceptible (level 10, 0/44 HPs)
             Began as a Spriggan Enchanter on May 4, 2017.
             Was the Champion of Zin.
             Slain by a centaur warrior (12 damage)
             ... in the Dungeon (Sprint I: "Red Sonja").
             The game lasted 00:04:25 (860 turns).

dwjmeijer the Imperceptible (Spriggan Enchanter)     Turns: 860, Time: 00:04:26

Health: 0/44       AC:  3    Str:  4    XL:     10   Next: 35%
Magic:  20/24      EV: 18    Int: 19    God:    Zin [******]
Gold:   627        SH:  0    Dex: 18    Spells: 4 memorised, 18 levels left

rFire  . . .     SeeInvis +     m - +0 dagger (distort)
rCold  . . .     Gourm    .     b - +1 robe
rNeg   . . .     Faith    .     (shield restricted)
rPois  .         Spirit   .     (helmet restricted)
rElec  .         Reflect  .     (no cloak)
rCorr  .         Harm     .     (gloves unavailable)
MR     +....     NoTele   +     (boots unavailable)
Stlth  +++++.....               (no amulet)
                                (no ring)
                                (no ring)

@: very quick
A: unfitting armour, see invisible, herbivore 3, speed 3, slow metabolism 2
a: Recite, Vitalisation, Imprison, Sanctuary, Donate Gold, Cure All Mutations,
Renounce Religion


You were in the Dungeon.
You worshipped Zin.
Zin was exalted by your worship.
You were not hungry.

You visited 1 branch You collected 821 gold pieces.
You spent 176 gold pieces at shops.
You donated 18 gold pieces to Zin.

Inventory:

Hand Weapons
 a - a +1 dagger
 m - a +0 dagger of distortion (weapon)
Armour
 b - a +1 robe (worn)
Wands
 k - a wand of iceblast (5/15)
Scrolls
 j - a scroll of blinking
 o - a scroll of fog {unknown}
Potions
 e - 3 potions of curing
 f - a potion of heal wounds
 g - a potion of haste
 h - 2 potions of magic
 i - a potion of resistance {unknown}
 l - a potion of might {unknown}
 n - 2 potions of invisibility
 p - a potion of agility {unknown}
Books
 c - a book of Maledictions

   Spells                             Type                      Level
   a - Corona                         Hexes                        1
   b - Ensorcelled Hibernation        Hexes/Ice                    2
   c - Confuse                        Hexes                        3
   d - Tukima's Dance                 Hexes                        3
   e - Dazzling Spray                 Conjuration/Hexes            3
Comestibles
 d - a bread ration


   Skills:
 - Level 1.1 Short Blades
 - Level 3.0 Dodging
 + Level 23.0 Stealth
 - Level 9.1 Spellcasting
 + Level 18.7 Hexes


You had 18 spell levels left.
You knew the following spells:

 Your Spells              Type           Power        Failure   Level  Hunger
a - Corona                Hex            ######.      0%          1    None
b - Ensorcelled Hibernat  Hex/Ice        #####.       1%          2    None
c - Confuse               Hex            ######..     0%          3    None
d - Dazzling Spray        Conj/Hex       #####.       1%          3    None


Dungeon Overview and Level Annotations

Branches:
Dungeon (1/1)

Altars:
Cheibriados
Dithmenos
Elyvilon
Fedhas
Gozag
Hepliaklqana
Kikubaaqudgha
Makhleb
Nemelex Xobeh
Okawaru
Qazlal
Ru
Sif Muna
Trog
Uskayaw
Vehumet
Xom
Yredelemnul
Zin
The Shining One
Jiyva
Lugonu

Shops:
D !(*(*([


Innate Abilities, Weirdness & Mutations

You are very small and have problems with some larger weapons.
You are too small for most types of armour.
You have supernaturally acute eyesight. (SInv)
You are a herbivore.
You cover ground extremely quickly.
You need consume almost no food.


Message History

Aim: a centaur warrior (purple smoke, chance to defeat MR: 51%)
The centaur warrior looks drowsy...
The floating eye gazes piercingly through you!
You suddenly lose the ability to move!
The centaur warrior hits you. The centaur warrior hits you.
The floating eye seems to glare at you. The centaur warrior hits you!
The centaur warrior shouts!
The centaur warrior barely misses you. x2
You can move again.
Casting: Ensorcelled Hibernation
Confirm with . or Enter, or press ? or * to list all spells.
Aiming: Ensorcelled Hibernation
Press: ? - help, Shift-Dir - straight line, f - floating eye, p - centaur warrior
Aim: a floating eye (purple smoke, fully charged, chance to defeat MR: 76%)
The floating eye struggles to resist.
The centaur warrior hits you!
* * * LOW HITPOINT WARNING * * *
The centaur warrior closely misses you. The centaur warrior barely misses you.
The centaur warrior hits you!
You die...

########################
.#.)').#.)'..#__#..'..)#
.'..#..'..#..'..'..#...#
.#####'#####'#__####)..+
.####..#...#(####§§#####
.#__####..##.#≈§§G§#
.#_____##'#..§§≈@c§+
⌠#_.∩...'..._#§§§c§#
##_..__##_.#'##+####
#_____###'#.#)[((###
##########.####'###)##
........'...'.....')∩#
#''''####.).##########
......####.###
.......#.#'#.#


You could see 2 centaur warriors and a floating eye.

Vanquished Creatures
  Sonja (D)
  A deep troll (D)
  6 shining eyes (D)
  2 kobold demonologists (D)
  A slime creature (D)
  Sigmund (D)
  A yak (D)
  4 floating eyes (D)
  An ogre (D)
  A jelly (D)
  Ijyb (D)
  2 ballistomycetes (D)
22 creatures vanquished.

Vanquished Creatures (others)
  2 shining eyes (D)
  A ballistomycete (D)
  2 ballistomycete spores (D)
5 creatures vanquished.

Grand Total: 27 creatures vanquished

Notes
Turn   | Place    | Note
-------+----------+-------------------------------------------
     0 | D        | dwjmeijer the Spriggan Enchanter began the quest for the Orb.
     0 | D        | Reached XP level 1. HP: 9/9 MP: 5/5
     2 | D        | Noticed Ijyb
    23 | D        | Killed Ijyb
    23 | D        | Reached skill level 6 in Stealth
    23 | D        | Reached skill level 5 in Hexes
    23 | D        | Reached XP level 2. HP: 5/13 MP: 5/8
    25 | D        | Noticed an ogre
    31 | D        | Killed an ogre
    31 | D        | Reached skill level 9 in Stealth
    31 | D        | Reached XP level 3. HP: 6/16 MP: 6/12
    31 | D        | Reached XP level 4. HP: 9/21 MP: 6/13
    46 | D        | Learned a level 2 spell: Ensorcelled Hibernation
    50 | D        | Learned a level 3 spell: Confuse
    54 | D        | Learned a level 3 spell: Dazzling Spray
   237 | D        | Noticed Sigmund
   240 | D        | Killed Sigmund
   240 | D        | Reached skill level 11 in Stealth
   240 | D        | Reached XP level 5. HP: 24/24 MP: 11/17
   240 | D        | Reached XP level 6. HP: 28/28 MP: 12/19
   285 | D        | Found a deep blue altar of Sif Muna.
   287 | D        | Found a radiant altar of Vehumet.
   291 | D        | Reached skill level 12 in Stealth
   305 | D        | Found Lit Ong's Weapon Emporium.
   305 | D        | Found an ancient bone altar of Kikubaaqudgha.
   305 | D        | Found a hazy altar of Hepliaklqana.
   305 | D        | Found a stormy altar of Qazlal.
   305 | D        | Found a hide-covered altar of Uskayaw.
   305 | D        | Found a blossoming altar of Fedhas.
   305 | D        | Found a bloodstained altar of Trog.
   305 | D        | Found an iron altar of Okawaru.
   305 | D        | Found a basalt altar of Yredelemnul.
   305 | D        | Found a glowing golden altar of the Shining One.
   305 | D        | Found a snail-covered altar of Cheibriados.
   305 | D        | Found a sacrificial altar of Ru.
   305 | D        | Found a glowing silver altar of Zin.
   305 | D        | Found a shadowy altar of Dithmenos.
   305 | D        | Found a white marble altar of Elyvilon.
   305 | D        | Noticed a yak
   306 | D        | Found an opulent altar of Gozag.
   307 | D        | Killed a yak
   307 | D        | Reached skill level 13 in Stealth
   308 | D        | Found a sparkling altar of Nemelex Xobeh.
   314 | D        | Became a worshipper of Zin the Law-Giver
   314 | D        | Reached * piety under Zin
   314 | D        | Reached ** piety under Zin
   314 | D        | Reached *** piety under Zin
   314 | D        | Reached **** piety under Zin
   314 | D        | Reached ***** piety under Zin
   314 | D        | Reached ****** piety under Zin
   344 | D        | Noticed Sonja
   348 | D        | Killed Sonja
   348 | D        | Reached skill level 16 in Stealth
   348 | D        | Reached XP level 7. HP: 32/32 MP: 20/20
   348 | D        | Reached XP level 8. HP: 36/36 MP: 22/22
   364 | D        | Found Uvuwecuh's Distillery.
   372 | D        | Bought a potion of invisibility for 88 gold pieces
   372 | D        | Bought a potion of invisibility for 88 gold pieces
   384 | D        | Noticed a deep troll
   388 | D        | Killed a deep troll
   388 | D        | Reached skill level 18 in Stealth
   399 | D        | Found Xadeh's Armour Emporium.
   617 | D        | Noticed a shining eye
   617 | D        | Noticed a shining eye
   617 | D        | Noticed a shining eye
   617 | D        | Noticed a shining eye
   617 | D        | Noticed a shining eye
   617 | D        | Noticed a shining eye
   621 | D        | Noticed a shining eye
   621 | D        | Noticed a shining eye
   623 | D        | Killed a shining eye
   623 | D        | Reached skill level 19 in Stealth
   623 | D        | Reached skill level 15 in Hexes
   623 | D        | Reached XP level 9. HP: 39/39 MP: 23/23
   625 | D        | Killed a shining eye
   625 | D        | Reached skill level 20 in Stealth
   627 | D        | Paralysed by a floating eye for 4 turns
   633 | D        | Killed a shining eye
   639 | D        | Paralysed by a floating eye for 4 turns
   654 | D        | Killed a shining eye
   654 | D        | Reached skill level 21 in Stealth
   659 | D        | Killed a shining eye
   660 | D        | Banished a shining eye
   660 | D        | Reached XP level 10. HP: 44/44 MP: 24/24
   662 | D        | Killed a shining eye
   662 | D        | Reached skill level 22 in Stealth
   668 | D        | Killed a shining eye
   670 | D        | Found Kaprosch's Antique Weapon Shoppe.
   670 | D        | Found Qosmebi's General Store.
   670 | D        | Found Qookk's General Store.
   670 | D        | Found Qojadgh's Weapon Boutique.
   711 | D        | Found a burning altar of Makhleb.
   711 | D        | Found a viscous altar of Jiyva.
   711 | D        | Found a shimmering altar of Xom.
   711 | D        | Found a corrupted altar of Lugonu.
   834 | D        | Reached skill level 23 in Stealth
   852 | D        | Noticed a centaur warrior
   855 | D        | Noticed a centaur warrior
   857 | D        | Paralysed by a floating eye for 3 turns
   860 | D        | Slain by a centaur warrior

Skill      XL: |  1  2  3  4  5  6  7  8  9 10 |
---------------+-------------------------------+-----
Stealth        | 6 9 11 16 19 21 23 | 23.0
Spellcasting   | 4 6 9 |  9.1
Hexes          | 5 7 9 13 15 17 18 | 18.7
Short Blades   | |  1.1
Dodging        | |  3.0

Action                   |  1- 3 |  4- 6 |  7- 9 | 10-12 || total
-------------------------+-------+-------+-------+-------++-------
Melee: Dagger            |    24 |     4 |    41 |    11 ||    80
 Cast: Ensorcelled Hiber |       |     1 |     1 |     3 ||     5
Invok: Recite            |       |       |     1 |       ||     1
  Use: Potion            |     1 |       |       |       ||     1
 Stab: Sleeping          |     1 |     4 |     6 |     4 ||    15
Armor: Robe              |     2 |       |       |       ||     2
Dodge: Dodged            |    15 |     1 |       |     5 ||    21
